 Dungeon Crawl Stone Soup version 0.28-a0-21-gf74fda84f9 (webtiles) character file.

Game seed: 4480131889604307068

84584 robertstho the Severer (level 15, -4/147 HPs)
             Began as a Minotaur Berserker on July 26, 2021.
             Was the Champion of Trog.
             Slain by a wolf spider (17 damage)
             ... on level 3 of the Spider Nest.
             The game lasted 00:34:21 (26712 turns).

robertstho the Severer (Minotaur Berserker)        Turns: 26712, Time: 00:34:24

Health: -4/147     AC: 23    Str: 41    XL:     15   Next: 35%
Magic:  23/23      EV: 11    Int:  5    God:    Trog [******]
Gold:   1572       SH:  0    Dex: 14    Spells: 14/14 levels left

rFire   + . .      SeeInvis +   D - +0 executioner's axe (flame)
rCold   . . .      Faith    .   (shield currently unavailable)
rNeg    . . .      Spirit   .   v - +0 plate armour
rPois   +          Reflect  .   a - +0 hat "Vuroh" {rF+ MP+9 Str+3}
rElec   .          Harm     .   E - +0 cloak "Getit" {rPois Will- Str+6 Dex-4}
rCorr   .          Rampage  .   K - +0 pair of gloves
Will    .....                   f - +0 pair of boots
Stlth   ..........              w - amulet of the acrobat
HPRegen 0.34/turn               H - ring "Zabost" {Dex+7 SInv}
MPRegen 0.18/turn               l - +6 ring of strength

@: on berserk cooldown, slowed, very slow
A: horns 2, retaliatory headbutt
a: Renounce Religion, Berserk, Trog's Hand, Brothers in Arms


You were on level 3 of the Spider Nest.
You worshipped Trog.
Trog was exalted by your worship.
You visited 5 branches of the dungeon, and saw 24 of its levels.
You also visited: Sewer, Ossuary and Volcano.

You collected 2740 gold pieces.
You spent 1168 gold pieces at shops.

Inventory:

Hand Weapons
 d - a +1 scimitar of flaming
 D - a +0 executioner's axe of flaming (weapon)
 L - a +4 antimagic battleaxe
Armour
 a - the +0 hat "Vuroh" (worn) {rF+ MP+9 Str+3}
   (You found it in a volcano)

   Str:       It affects your strength (+3).
   rF:        It protects you from fire.
   MP:        It affects your magic capacity (+9).
 f - a +0 pair of boots (worn)
 v - a +0 plate armour (worn)
 x - a +2 scale mail of fire resistance
 E - the +0 cloak "Getit" (worn) {rPois Will- Str+6 Dex-4}
   (You bought it in a shop on level 4 of the Dungeon)

   Str:       It affects your strength (+6).
   Dex:       It affects your dexterity (-4).
   rPois:     It protects you from poison.
   Will:      It decreases your willpower.
 K - a +0 pair of gloves (worn)
Jewellery
 l - a +6 ring of strength (right hand)
 m - a ring of protection from fire
 w - an amulet of the acrobat (around neck)
 C - a +4 ring of evasion
 F - a +6 ring of strength
 G - a ring of poison resistance
 H - the ring "Zabost" (left hand) {Dex+7 SInv}
   (You bought it in a shop on level 2 of the Orcish Mines)

   [ring of see invisible]

   Dex:       It affects your dexterity (+7).
   SInv:      It lets you see invisible.
Wands
 J - a wand of acid (5)
 P - a wand of paralysis (10)
 T - a wand of iceblast (7)
Scrolls
 b - a scroll of fog
 g - 5 scrolls of blinking
 k - 6 scrolls of enchant weapon
 o - 3 scrolls of brand weapon
 p - 9 scrolls of teleportation
 q - 2 scrolls of magic mapping
 s - 5 scrolls of enchant armour
 z - 3 scrolls of holy word
 I - 2 scrolls of identify
 M - 2 scrolls of immolation
 N - 3 scrolls of summoning
 O - a scroll of silence
 V - a scroll of fear
Potions
 c - 5 potions of might
 e - 13 potions of curing
 h - 6 potions of flight
 i - 6 potions of invisibility
 j - 6 potions of lignification
 n - 8 potions of heal wounds
 r - 5 potions of mutation
 t - 5 potions of cancellation
 u - 5 potions of attraction
 A - 4 potions of magic {unknown}
 Q - a potion of resistance {unknown}
 S - 2 potions of haste {unknown}
 U - a potion of berserk rage {unknown}
Miscellaneous
 y - a phantom mirror
 B - a box of beasts
 R - a lightning rod (4/4)


   Skills:
 * Level 17.1 Fighting
 + Level 19.3 Axes
 * Level 17.1 Armour
 + Level 5.4 Dodging
 + Level 1.5 Stealth


You had 14 spell levels left.
You didn't know any spells.
Your spell library was empty.

Dungeon Overview and Level Annotations

Branches:
Dungeon (12/15)            Temple (1/1) D:5            Lair (6/6) D:9
  Swamp (0/4) Lair:4       Spider (2/4) Lair:3        Slime (0/5) Lair:6
    Orc (2/2) D:12            Elf (0/3) Orc:2         Sewer (visited)
Ossuary (visited)         Volcano (visited)

Altars:
Ashenzari
Cheibriados
Dithmenos
Elyvilon
Fedhas
Gozag
Hepliaklqana
Kikubaaqudgha
Makhleb
Nemelex Xobeh
Okawaru
Qazlal
Ru
Trog
Uskayaw
Vehumet
Wu Jian
Xom
Yredelemnul
Zin
The Shining One
Beogh

Shops:
D:3 *   D:4 [   D:7 (   Orc:1 ?   Orc:2 [****(

Annotations:
Lair:1 2 transporters, Hougom's ghost, journeyman GrFi
Lair:3 exclusion: 4 oklob plants
Lair:6 exclusion: obsidian statue
Spider:1 2 transporters, undeadczar's ghost, journeyman SpBr


Innate Abilities, Weirdness & Mutations

You have a pair of horns on your head.
You reflexively headbutt those who attack you in melee.


Message History

* * * LOW HITPOINT WARNING * * *
The spark wasp shocks you!
* * * LOW HITPOINT WARNING * * *
You hear an angry hiss.
You carve the spark wasp like a ham!!! You burn the spark wasp!
You kill the spark wasp!
Trog accepts your kill.
You slash the wolf spider! You burn the wolf spider.
You feel very sick.
You hear an angry buzzing noise.
The jumping spider leaps!
An orb spider comes into view.
The wolf spider hits you!
* * * LOW HITPOINT WARNING * * *
The wolf spider bites you but does no damage.
The jumping spider leaps!
You cut the wolf spider into ribbons!!! You burn the wolf spider.
You kill the wolf spider!
Trog accepts your kill.
* * * LOW HITPOINT WARNING * * *
You feel very sick.
Unknown command.
* * * LOW HITPOINT WARNING * * *
You feel very sick.
You feel a strong urge to attack something.
* * * LOW HITPOINT WARNING * * *
You feel very sick.
You are no longer berserk.
You are exhausted.
You feel yourself slow down.
* * * LOW HITPOINT WARNING * * *
You feel very sick.
You feel better.
The wolf spider hits you but does no damage.
The wolf spider bites you but does no damage.
The jumping spider leaps!
The wolf spider hits you but does no damage.
The wolf spider bites you but does no damage.
The wolf spider hits you!
You die...

#......##....###...
#......^#..#####..#
#......##........##
#......##^......^#
#.##....#...######
###.○...#..##
#.....^####
##.(...##..#
#.@s..##..$.
#.....#..#
#.....s.# #^..s†..#
##..†..## #....##
#....# #.....
##...##


You could see a wolf spider, an orb spider and a jumping spider.

Vanquished Creatures
  An emperor scorpion (Spider:1)
  A spark wasp (Spider:3)
  The ghost of Nausicaa the Grappler, a journeyman TrMo (Orc:2)
  3 dire elephants (Lair:6)
  A fire dragon (Volcano)
  A hydra (Lair:6)
  2 boulder beetles
  A centaur warrior (D:9)
  Erica (D:8)
  4 death yaks
  8 two-headed ogres
  Sonja (Lair:3)
  A fire crab (Lair:4)
  2 spectral death yaks (Lair:6)
  A spectral anaconda (Lair:6)
  A bog body (Lair:4)
  2 oklob plants (Lair:4)
  A spectral ettin (Orc:2)
  3 necromancers (Lair:6)
  7 wolf spiders
  4 orb spiders
  2 salamanders (Volcano)
  7 orc sorcerers (Orc:2)
  A cyclops (D:11)
  7 elephants (Lair:6)
  4 black mambas
  A gargoyle (D:11)
  3 rime drakes
  3 torpor snails
  11 cane toads
  A dire elephant skeleton (Lair:6)
  An unseen horror (D:11)
  3 kobold demonologists
  13 komodo dragons
  9 demonic crawlers (Spider:1)
  7 jumping spiders
  2 hornets
  A polar bear (Lair:6)
  A spectral elephant (Lair:6)
  6 dream sheep (Lair:5)
  9 blink frogs
  2 slime creatures (Lair:6)
  3 meliai zombies (D:11)
  2 shadows
  12 redbacks
  3 wraiths
  3 wyverns
  36 yaks
  10 tarantellas
  4 fire bats (Volcano)
  4 basilisks
  A death yak simulacrum (Lair:6)
  4 steam dragons
  10 wargs
  A spectral cane toad (Lair:6)
  19 water moccasins
  2 swamp worms (Lair:4)
  2 acid dragons
  14 orc warriors
  2 ice beasts
  2 elephant zombies (Lair:6)
  3 sky beasts
  A black bear (Lair:1)
  13 ogres
  30 wolves
  A centaur (D:8)
  An elephant skeleton (Lair:6)
  4 elf zombies (Ossuary)
  8 kobold brigands
  11 bullfrogs
  A gnoll sergeant (D:10)
  3 scorpions
  A cane toad simulacrum (Lair:6)
  6 killer bees (D:7)
  3 elephant simulacra (Lair:6)
  8 wights
  6 howler monkeys
  3 electric eels
  14 centaur zombies
  4 hounds
  6 jellies
  9 orc priests
  Crazy Yiuf (D:3)
  A bullfrog zombie (D:7)
  2 human zombies (Ossuary)
  A centaur skeleton (D:5)
  A bullfrog skeleton (D:5)
  A warg simulacrum (Orc:2)
  5 iguanas
  30 orc wizards
  4 spectral orcs (Orc:2)
  2 killer bee zombies
  2 hound skeletons
  2 hound zombies (Ossuary)
  3 mummies (Ossuary)
  2 howler monkey zombies
  6 gnolls
  12 adders
  2 ogre simulacra (Orc:2)
  6 river rats
  A shadow imp (D:6)
  4 adder zombies (Ossuary)
  2 worms
  62 orcs
  3 endoplasms
  A giant cockroach (D:1)
  2 goblins
  6 hobgoblins
  10 jackals
  30 kobolds
  5 quokkas
  20 ball pythons
  A bat (D:3)
  5 frilled lizards
  3 gnoll zombies (Ossuary)
  4 goblin zombies (Ossuary)
  2 hobgoblin zombies (Ossuary)
  5 jackal zombies (Ossuary)
  4 kobold zombies (Ossuary)
  2 orc zombies (Ossuary)
  A quokka zombie (Ossuary)
  31 rats
  2 rat zombies (Ossuary)
700 creatures vanquished.

Vanquished Creatures (collateral kills)
  An orc warlord (Orc:1)
  Nessos (D:12)
  A salamander (Volcano)
  2 komodo dragons (Volcano)
  3 yaks (Lair:3)
  A fire bat (Volcano)
  2 orc warriors (Orc:1)
  An orc wizard (Orc:1)
  An orc (Orc:1)
13 creatures vanquished.

Vanquished Creatures (others)
  A tarantella (Spider:1)
  A steam dragon (Volcano)
  A spectral ogre (Orc:2)
  An orc wizard (Orc:2)
  2 orcs (Orc:2)
  34 fungi
  127 plants
  21 withered plants (Lair:6)
188 creatures vanquished.

Grand Total: 901 creatures vanquished

Notes
Turn   | Place    | Note
-------+----------+-------------------------------------------
     0 | D:1      | robertstho the Minotaur Berserker began the quest for the
                  | Orb.
     0 | D:1      | Reached XP level 1. HP: 19/19 MP: 0/0
   289 | D:1      | Reached XP level 2. HP: 23/27 MP: 1/1
   373 | D:1      | Reached skill level 4 in Axes
   660 | D:2      | Noticed an ogre
   664 | D:2      | Killed an ogre
   665 | D:2      | Reached XP level 3. HP: 23/35 MP: 2/2
   665 | D:2      | Reached XP level 4. HP: 28/41 MP: 3/3
   916 | D:2      | Reached skill level 5 in Fighting
  1234 | D:2      | Reached ** piety under Trog
  1286 | D:2      | Found a hazy altar of Hepliaklqana.
  1559 | D:3      | Found a faded altar of an unknown god.
  1649 | D:3      | Reached skill level 5 in Axes
  1649 | D:3      | Reached XP level 5. HP: 36/48 MP: 4/4
  1730 | D:3      | Found a glowing drain.
  1740 | Sewer    | Entered a sewer
  1932 | Sewer    | Reached skill level 1 in Stealth
  2282 | Sewer    | Reached *** piety under Trog
  2416 | Sewer    | Reached XP level 6. HP: 51/56 MP: 5/5
  2484 | Sewer    | Reached skill level 5 in Armour
  2973 | D:3      | Found Ryrchop's General Store.
  2982 | D:3      | Bought 2 scrolls of identify for 40 gold pieces
  2982 | D:3      | Bought a scroll of magic mapping for 35 gold pieces
  3132 | D:3      | Found a runed translucent door.
  3133 | D:3      | Noticed Crazy Yiuf
  3138 | D:3      | Killed Crazy Yiuf
  3195 | D:4      | Reached XP level 7. HP: 62/63 MP: 6/6
  3200 | D:4      | Reached skill level 6 in Axes
  3437 | D:4      | Found Unourap's Antique Armour Shoppe.
  3514 | D:4      | Reached **** piety under Trog
  3669 | D:4      | Found an ancient bone altar of Kikubaaqudgha.
  3822 | D:5      | Entered Level 5 of the Dungeon
  3822 | D:5      | Noticed a yak
  3822 | D:5      | Noticed a yak
  3823 | D:5      | Noticed a yak
  3824 | D:5      | Noticed a yak
  3825 | D:5      | Noticed a yak
  3827 | D:5      | Noticed a yak
  3831 | D:5      | Killed a yak
  3833 | D:5      | Killed a yak
  3834 | D:5      | Reached skill level 7 in Axes
  3834 | D:5      | Killed a yak
  3835 | D:5      | Reached XP level 8. HP: 71/71 MP: 7/7
  3840 | D:5      | Reached skill level 8 in Axes
  3893 | D:5      | Found a staircase to the Ecumenical Temple.
  3899 | Temple   | Entered the Ecumenical Temple
  4115 | D:5      | Found a sand-covered staircase.
  4124 | Ossuary  | Entered an ossuary
  4276 | Ossuary  | Reached XP level 9. HP: 69/81 MP: 8/8
  4373 | Ossuary  | Reached skill level 9 in Axes
  4452 | Ossuary  | Reached ***** piety under Trog
  4642 | D:5      | Identified a scroll of acquirement
  4644 | D:5      | Acquired 613 gold pieces
  4696 | D:3      | Bought 3 scrolls of identify for 60 gold pieces
  5011 | D:5      | Found an opulent altar of Gozag.
  5011 | D:5      | Found a sparkling altar of Nemelex Xobeh.
  5019 | D:5      | Found a faded altar of an unknown god.
  5021 | D:5      | Found a radiant altar of Vehumet.
  5023 | D:5      | Found a glowing golden altar of the Shining One.
  5507 | D:6      | Found a basalt altar of Yredelemnul.
  6118 | D:6      | Reached skill level 10 in Axes
  6270 | D:7      | Found Fauh's Antique Weapon Shop.
  6359 | D:7      | Received a gift from Trog
  6485 | D:7      | Noticed a two-headed ogre
  6494 | D:7      | Killed a two-headed ogre
  6495 | D:7      | Reached skill level 11 in Axes
  6495 | D:7      | Reached skill level 10 in Armour
  6495 | D:7      | Reached XP level 10. HP: 91/91 MP: 9/9
  6517 | D:7      | Found a blossoming altar of Fedhas.
  7135 | D:4      | Bought a transparent cloak for 304 gold pieces
  7135 | D:4      | Identified the +0 cloak "Getit" {rPois Will- Str+6 Dex-4}
                  | (You bought it in a shop on level 4 of the Dungeon)
  7294 | D:8      | Noticed a two-headed ogre
  7304 | D:8      | Killed a two-headed ogre
  7305 | D:8      | Reached skill level 10 in Fighting
  7390 | D:8      | Found a hide-covered altar of Uskayaw.
  7513 | D:8      | Noticed Erica
  7531 | D:8      | Killed Erica
  7839 | D:8      | Reached skill level 12 in Axes
  8087 | D:9      | Noticed a two-headed ogre
  8092 | D:9      | Killed a two-headed ogre
  8359 | D:9      | Reached XP level 11. HP: 101/101 MP: 10/10
  8380 | D:9      | Found a staircase to the Lair.
  8521 | D:9      | Found a hazy altar of Hepliaklqana.
  8589 | D:9      | Noticed a centaur warrior
  8596 | D:9      | Killed a centaur warrior
  8730 | D:10     | Entered Level 10 of the Dungeon
  9535 | D:11     | Reached skill level 13 in Axes
  9536 | D:11     | Received a gift from Trog
  9763 | D:11     | Found a basalt altar of Yredelemnul.
 10069 | D:11     | Reached skill level 14 in Axes
 10357 | D:12     | Noticed Nessos
 10370 | D:12     | Killed Nessos
 10371 | D:12     | Reached XP level 12. HP: 82/112 MP: 11/11
 10481 | D:12     | Found a staircase to the Orcish Mines.
 10494 | D:12     | Noticed a two-headed ogre
 10501 | D:12     | Killed a two-headed ogre
 10677 | D:12     | Acquired a +0 executioner's axe of flaming
 11372 | Lair:1   | Entered Level 1 of the Lair of Beasts
 11426 | Lair:1   | Found a transporter.
 11735 | Lair:1   | Noticed Hougom's ghost (journeyman GrFi)
 11829 | Lair:1   | Found a transporter.
 11830 | Lair:1   | Found a bloodstained altar of Trog.
 12442 | Lair:1   | Reached skill level 15 in Axes
 12635 | Lair:2   | Found a snail-covered altar of Cheibriados.
 12989 | Lair:2   | Found a white marble altar of Elyvilon.
 13542 | Lair:3   | Found a hole to the Spider Nest.
 13543 | Lair:3   | Noticed a death yak
 13543 | Lair:3   | Noticed a death yak
 13543 | Lair:3   | Noticed a death yak
 13553 | Lair:3   | Killed a death yak
 13553 | Lair:3   | Received a gift from Trog
 13554 | Lair:3   | Killed a death yak
 13558 | Lair:3   | Killed a death yak
 13560 | Lair:3   | Noticed a boulder beetle
 13565 | Lair:3   | Killed a boulder beetle
 13815 | Lair:3   | Reached XP level 13. HP: 122/122 MP: 12/12
 13949 | Lair:3   | Reached skill level 16 in Axes
 14225 | Lair:3   | Noticed Sonja
 14245 | Lair:3   | Killed Sonja
 15184 | Lair:4   | Reached skill level 15 in Armour
 16515 | Lair:4   | Found a staircase to the Swamp.
 16780 | Lair:5   | Reached ****** piety under Trog
 17399 | Lair:6   | Entered Level 6 of the Lair of Beasts
 17404 | Lair:6   | Reached skill level 5 in Dodging
 17614 | Lair:6   | Reached skill level 17 in Axes
 17820 | Lair:6   | Noticed a dire elephant
 17820 | Lair:6   | Noticed a dire elephant
 17820 | Lair:6   | Noticed a dire elephant
 17978 | Lair:6   | Reached skill level 15 in Fighting
 17994 | Lair:6   | Received a gift from Trog
 18595 | Lair:6   | Reached XP level 14. HP: 135/135 MP: 13/13
 19256 | Lair:6   | Found a staircase to the Slime Pits.
 19843 | Orc:1    | Entered Level 1 of the Orcish Mines
 19858 | Orc:1    | Reached skill level 18 in Axes
 20189 | Orc:2    | Entered Level 2 of the Orcish Mines
 20193 | Orc:2    | Found Osmoodoch's Overcharged Wands.
 20317 | Orc:2    | Found a dark tunnel.
 20322 | Volcano  | Entered a volcano
 21471 | Volcano  | Identified the +0 hat "Vuroh" {rF+ MP+9 Str+3}
 21786 | Orc:2    | Received a gift from Trog
 21972 | Orc:2    | Found Etuymey's General Store.
 21990 | Orc:2    | Found a staircase to the Elven Halls.
 22031 | Orc:2    | Found Reseaz's Weapon Boutique.
 22327 | Orc:2    | Found a runed translucent gate.
 22328 | Orc:2    | Found a runed translucent gate.
 22329 | Orc:2    | Found a runed translucent gate.
 22331 | Orc:2    | Noticed Nausicaa's ghost (journeyman TrMo)
 22391 | Orc:2    | Found Vadit's Assorted Antiques.
 22403 | Orc:2    | Paralysed by an orc sorcerer for 5 turns
 22459 | Orc:2    | Bought a scroll of identify for 58 gold pieces
 22459 | Orc:2    | Bought an emerald potion for 26 gold pieces
 22459 | Orc:2    | Bought a transparent wooden ring for 145 gold pieces
 22459 | Orc:2    | Identified the ring "Zabost" {Dex+7 SInv} (You bought it in
                  | a shop on level 2 of the Orcish Mines)
 22465 | Orc:2    | Found Gidisuh's General Store.
 22476 | Orc:2    | Received a gift from Trog
 22515 | Orc:2    | Found Tigywuwohi's Armour Shop.
 22772 | Orc:2    | Killed Nausicaa's ghost
 23026 | Orc:1    | Found Koecifri's Magic Scroll Boutique.
 23026 | Orc:1    | Noticed an orc warlord
 23222 | Orc:1    | Killed an orc warlord
 23586 | Orc:1    | Bought a scroll of blinking for 127 gold pieces
 23586 | Orc:1    | Bought a scroll of identify for 34 gold pieces
 23586 | Orc:1    | Bought a scroll of teleportation for 51 gold pieces
 23586 | Orc:1    | Bought a scroll of identify for 34 gold pieces
 23586 | Orc:1    | Bought a scroll of silence for 127 gold pieces
 23586 | Orc:1    | Bought a scroll of blinking for 127 gold pieces
 24034 | Spider:1 | Entered Level 1 of the Spider Nest
 24204 | Spider:1 | Reached XP level 15. HP: 145/145 MP: 14/14
 24504 | Spider:1 | Found a transporter.
 24505 | Spider:1 | Noticed undeadczar's ghost (journeyman SpBr)
 24780 | Spider:1 | Found a transporter.
 25037 | Spider:1 | Reached skill level 19 in Axes
 25782 | Spider:1 | Received a gift from Trog
 26424 | Spider:2 | You fall into a shaft and drop 1 floor!
 26711 | Spider:3 | HP: 6/147 [poisoned by a wolf spider]
 26712 | Spider:3 | Slain by a wolf spider

Illustrated notes

Levels and vault maps discovered:
D:1:      dpeg_arrival_more_subterranean_lakeside_camping, layout_loops_ring
D:2:      layout_loops_cross, basic_altar, minmay_misc_feat_more_columns
D:3:      layout_loops_ring, kennysheep_orc_sif_temple,
          hellmonk_ecumenical_altar_run_dry, lightli_sewer_entry_pipes,
          serial_shops, shop, chequers_mini_garden, uniq_crazy_yiuf_cottage
D:4:      layout_cave_pools, kennysheep_mini, serial_shops, shop_statue
D:5:      layout_rooms, chequers_temple_overflow_minitemple,
          minmay_temple_entry_enclosed_plants, nicolae_ossuary_entry_monument,
          minmay_misc_feat_four_crosses, grunt_ministairs_14
D:6:      layout_loops_ring, overflow_temple_1_default
D:7:      layout_rooms, lemuel_round_altar, amethyst_killhole,
          nicolae_stop_n_shop_1, grunt_ogre_cave, kennysheep_small_circle
D:8:      layout_basic, mainiacjoe_overflow_six_doors_small, uniq_erica
D:9:      layout_gridville, mainiacjoe_overflow_alcove_2, lair_entry_dummy,
          minivault_22, hellmonk_bongcloud_opening, minmay_radiant
D:10:     layout_roguey
D:11:     layout_basic, nicolae_yredelemnul_corpse_copse
D:12:     layout_grid_maze, orc_0_dummy, minivault_4, uniq_nessos
Temple:   minmay_temple_bridge_abc
Lair:1:   layout_regular_city, gammafunk_ghost_wrathful_warriors
Lair:2:   layout_layer_cave, basic_altar, st_stairs_13, kennysheep_snail_temple
Lair:3:   layout_regular_city, spider_nest_entry_web_field,
          minmay_lair_oklob_chamber, uniq_sonja
Lair:4:   nzn_winding_woodlands_small [nzn_winding_woodlands_5x15_split_checker,
          nzn_winding_woodlands_center_diamonds,
          nzn_winding_woodlands_5x15_pool], layout_cave_shapes,
          nicolae_swamp_entry_splash_gauntlet, dpeg_oklob_1, lemuel_fruit_tree
Lair:5:   layout_cave_shapes, grunt_megastairs_4, infiniplex_staircase_pool
Lair:6:   due_jungle_book, layout_cellular_growth, minmay_slime_entry_pillars,
          grunt_megastairs_5
Spider:1: layout_chambers, gammafunk_ghost_arena, worms_lemuel
Spider:2: layout_chambers, nicolae_spider_undead_wolf_pack
Spider:3: layout_spider_delve, uniq_arachne
Orc:1:    layout_diamond_mine, serial_shops, shop, basic_altar
Orc:2:    st_orc_town, layout_diamond_mine, gammafunk_ghost_necromancy,
          serial_shops, nicolae_shop_statue_plus, nicolae_volcano_entry_s_turn,
          nicolae_shop_overcharged_wands

Skill      XL: |  1  2  3  4  5  6  7  8  9 10 11 12 13 14 15 |
---------------+----------------------------------------------+-----
Axes           | 4 5 7 8 11 12 14 15 17 18 19 | 19.3
Fighting       | 4 5 6 7 9 10 12 13 15 16 17 | 17.1
Armour         | 3 4 5 6 8 10 11 13 14 15 16 17 | 17.1
Stealth        | 1 |  1.5
Dodging        | 3 4 5 |  5.4

Action                   |  1- 3 |  4- 6 |  7- 9 | 10-12 | 13-15 || total
-------------------------+-------+-------+-------+-------+-------++-------
Melee: Hand axe          |    20 |   176 |   375 |   162 |       ||   733
       Headbutt          |     3 |    21 |    69 |   105 |   167 ||   365
       Battleaxe         |       |       |       |   125 |       ||   125
       Executioner's axe |       |       |       |   161 |   666 ||   827
Invok: Berserk           |       |     3 |     5 |     8 |    15 ||    31
       Trog's Hand       |       |     1 |       |       |     3 ||     4
       Brothers in Arms  |       |       |       |     1 |     3 ||     4
Evoke: Box of beasts     |       |       |       |     1 |       ||     1
       Phantom mirror    |       |       |       |     1 |       ||     1
  Use: Scroll            |       |     7 |     9 |     4 |    11 ||    31
       Potion            |       |       |       |       |     1 ||     1
Armor: Animal skin       |     2 |       |       |       |       ||     2
       Ring mail         |     1 |    53 |    13 |       |       ||    67
       Plate armour      |       |       |   169 |   333 |   479 ||   981
Dodge: Dodged            |    11 |   114 |   119 |   363 |   518 ||  1125

Table legend: (Time is in decaauts)
 A = Elapsed time spent in this place.
 B = Non-inter-level travel time spent in this place.
 C = Inter-level travel time spent in this place.
 D = Time resting spent in this place.
 E = Time spent auto-exploring this place.
 F = Levels seen in this place.
 G = Mean time per level.
                   A        B        C        D        E       F      G
               +--------+--------+--------+--------+--------+-----+--------+
         Total |  27187 |  25489 |   1698 |   2844 |  18812 |  27 | 1006.9 |
       Dungeon |   9963 |   8976 |    987 |      9 |   7543 |  12 |  830.2 |
        Temple |    134 |    120 |     14 |      0 |    120 |   1 |  134.0 |
          Lair |   8633 |   8190 |    443 |    747 |   6355 |   6 | 1438.8 |
   Spider Nest |   2745 |   2695 |     50 |    527 |   1865 |   3 |  915.0 |
  Orcish Mines |   2670 |   2467 |    203 |    454 |   1609 |   2 | 1335.0 |
         Sewer |   1154 |   1154 |      0 |    512 |    500 |   1 | 1154.0 |
       Ossuary |    493 |    493 |      0 |      0 |    327 |   1 |  493.0 |
       Volcano |   1391 |   1391 |      0 |    594 |    491 |   1 | 1391.0 |
               +--------+--------+--------+--------+--------+-----+--------+

Top non-repeatable levels by time:
Spider:1: 2254 daAuts
  Lair:6: 2246 daAuts
  Lair:4: 2013 daAuts
   Orc:2: 1719 daAuts
  Lair:3: 1478 daAuts
 Volcano: 1391 daAuts
  Lair:1: 1319 daAuts
   Sewer: 1154 daAuts
     D:6: 1083 daAuts
    D:11: 1026 daAuts
  Lair:2: 1015 daAuts
    D:12: 965 daAuts
   Orc:1: 950 daAuts
     D:2: 900 daAuts
     D:9: 830 daAuts
